 Dungeon Crawl Stone Soup version 0.31-a0-705-ga145531891 (webtiles) character file.

Game seed: 6622540062993205652

956 Xavori the Covert (level 8, 0/59 HPs)
             Began as an Octopode Chaos Knight on Sept 9, 2023.
             Was a Plaything of Xom.
             Killed from afar by an orc wizard (7 damage)
             ... with a magic dart
             ... on level 5 of the Dungeon on Sept 10, 2023.
             The game lasted 00:05:57 (14015 turns).

Xavori the Covert (Octopode Chaos Knight)          Turns: 14015, Time: 00:05:58

Health: 0/59       AC:  1    Str: 12    XL:     8   Next: 14%
Magic:  8/8        EV: 14    Int: 20    God:    Xom [....*.]
Gold:   162        SH:  0    Dex: 13    Spells: 7/7 levels left

rFire   . . .        h - +3 dagger
rCold   x . .        (no shield)
rNeg    . . .        (helmet restricted)
rPois   +            q - amulet of the acrobat
rElec   .            l - ring of wizardry
rCorr   .            i - +6 ring of intelligence
SInv    .            j - ring of poison resistance
Will    .....        (no ring)
Stlth   +++++        (no ring)
HPRegen 0.29/turn    (no ring)
MPRegen 0.11/turn    (no ring)
                     (no ring)

%: acrobat, wizardry (x1)
@: no status effects
A: almost no armour, amphibious, 8 rings, camouflage 1, gelatinous body 1,
(nimble swimmer 1), tentacles, tentacle spike 1, robust 1, no potion heal 2,
cold vulnerability 1
a: Renounce Religion


You were on level 5 of the Dungeon.
You worshipped Xom.
You were a beloved toy of Xom.
You visited 1 branch of the dungeon, and saw 5 of its levels.
You also visited: Sewer.

You collected 162 gold pieces.

Inventory:

Hand Weapons
 a - a +0 short sword of chaos
 h - a +3 dagger (weapon)
Jewellery
 g - a ring of fire
 i - a +6 ring of intelligence (right tentacle)
 j - a ring of poison resistance (on tentacle)
 l - a ring of wizardry (left tentacle)
 m - a ring of willpower
 q - an amulet of the acrobat (around mantle)
 u - an amulet of magic regeneration
Wands
 d - a wand of digging (5)
 v - a wand of mindburst (2)
Scrolls
 b - a scroll of butterflies
 k - a scroll of fog {unknown}
 n - a scroll of immolation {unknown}
 o - a scroll of poison
 r - 2 scrolls of teleportation
 s - 2 scrolls of revelation
 t - 2 scrolls of vulnerability
Potions
 c - 4 potions of curing {unknown}
 e - 3 potions of brilliance {unknown}
 f - a potion of heal wounds
 p - 2 potions of might {unknown}


   Skills:
 + Level 4.2 Fighting
 + Level 5.8 Short Blades
 + Level 3.9 Dodging
 + Level 8.5 Stealth
 * Level 0.9 Evocations


You had 7 spell levels left.
You didn't know any spells.
Your spell library contained the following spells:

 Spells                   Type           Power      Damage    Failure   Level
 Apportation              Tloc           0%         N/A       8%          1
 Jinxbite                 Hex            0%         N/A       12%         2
 Volatile Blastmotes      Fire/Tloc      0%         2d10      22%         3
 Fulminant Prism          Conj/Hex       0%         3d5       56%         4
 Iskenderun's Mystic Bla  Conj/Tloc      0%         2d3       56%         4
 Alistair's Intoxication  Tmut/Pois      0%         N/A       88%         5


Dungeon Overview and Level Annotations

Branches:
Dungeon (5/15)              Sewer (visited)
 Temple: D:4-7

Altars:
Ru
Uskayaw
Vehumet
Xom


Innate Abilities, Weirdness & Mutations

You cannot wear most types of armour.
You are amphibious.
You can wear up to eight rings at the same time.
Your skin changes colour to match your surroundings (Stealth+).
Your rubbery body absorbs attacks. (AC +1, EV +1)
((You are camouflaged when in or above water. (Stealth+)))
You have tentacles for arms and can constrict up to eight enemies at once.
One of your tentacles bears a spike.
You are robust. (+10% HP)
Potions cannot restore your health.
You are vulnerable to cold. (rC-)


Message History

You hit the orc priest but do no damage.
Your grab misses the orc priest.
You pierce the orc priest.
The orc priest is moderately wounded.
The orc priest closely misses you. Something hits you.
The hound closely misses you.
You hit the orc priest. You grab the orc priest.
You pierce the orc priest.
The orc priest is severely wounded.
You constrict the orc priest. The hound bites you.
You are too injured to fight recklessly!
You hit the orc priest.
You kill the orc priest!
You hear some strange, mumbled words.
A puff of flame appears from out of thin air!
The puff of flame hits you! The hound bites you.
* * * LOW HITPOINT WARNING * * *
The hound completely misses you.
Things that are here:
a +0 flail; a +0 flail; an orc corpse You are too injured to fight recklessly!
You hit the hound. You grab the hound.
Your tentacle spike misses the hound.
The hound is moderately wounded.
You constrict the hound. The hound bites you.
* * * LOW HITPOINT WARNING * * *
Something hits you.
* * * LOW HITPOINT WARNING * * *
You release your grip on the hound.
The hound completely misses you.
Okay, then.
You closely miss the hound. You grab the hound.
You pierce the hound.
The hound is heavily wounded.
You constrict the hound. The hound closely misses you.
You hit the hound.
You pierce the hound, but do no damage.
The hound is severely wounded.
You constrict the hound. The hound bites you.
* * * LOW HITPOINT WARNING * * *
You hit the hound. You squeeze the hound.
You kill the hound!
A magic dart appears from out of thin air!
The magic dart hits you!
You die... "What!?
That's it?"

#####.....>####..##
##........# ##
#..#......# .#
#.........# #.#
....).#......###..#
.#..###......#...
##.....######.# #####
#####...###))###......
###.....{)@?......
#####.####...... ...#
#.##. ##### #


There were no monsters in sight!

Vanquished Creatures
  Edmund (D:4)
  A phantom (D:4)
  4 kobold brigands (Sewer)
  4 orc priests
  2 jellies (D:4)
  A hound (D:5)
  An iguana (D:4)
  Robin (D:4)
  11 adders
  2 river rats (Sewer)
  A white imp (D:5)
  4 worms
  5 dart slugs
  6 orcs
  16 ball pythons
  10 endoplasms
  6 giant cockroaches
  17 goblins
  7 hobgoblins
  2 jackals (D:1)
  11 kobolds
  6 quokkas
  11 bats
  2 frilled lizards (D:1)
  3 rats
135 creatures vanquished.

Vanquished Creatures (collateral kills)
  A jackal (D:1)
  A rat (D:1)
2 creatures vanquished.

Vanquished Creatures (others)
  A ball python zombie (D:1)
1 creature vanquished.

Grand Total: 138 creatures vanquished

Notes
Turn   | Place    | Note
-------+----------+-------------------------------------------
     0 | D:1      | Xavori the Octopode Chaos Knight began the quest for the
                  | Orb.
     0 | D:1      | Reached XP level 1. HP: 16/16 MP: 1/1
    51 | D:1      | Reached XP level 2. HP: 21/21 MP: 2/2
    98 | D:1      | Found a faded altar of an unknown god.
   406 | D:1      | Reached XP level 3. HP: 26/26 MP: 3/3
   715 | D:1      | Reached skill level 1 in Stealth
  2681 | D:1      | XOM is BORED!
  2681 | D:1      | XOM: give mutations
  2681 | D:1      | Gained mutation: You have a pair of small antennae on your
                  | head. [Xom's mischief]
  2681 | D:1      | Gained mutation: One of your tentacles bears a spike.
                  | [Xom's mischief]
  2935 | D:1      | XOM: give mutation
  2935 | D:1      | Gained mutation: You occasionally lose the ability to drink
                  | potions when taking damage. [Xom's mischief]
  3299 | D:1      | XOM: give mutations
  3299 | D:1      | Lost mutation: You have a pair of small antennae on your
                  | head. [Xom's mischief]
  3299 | D:1      | Gained mutation: You are partially covered in iridescent
                  | scales. (AC +2) [Xom's mischief]
  3596 | D:1      | XOM: give mutation
  3596 | D:1      | Lost mutation: One of your tentacles bears a spike. [Xom's
                  | mischief]
  3620 | D:1      | XOM is BORED!
  3654 | D:1      | XOM: silly message
  4580 | D:1      | XOM: divination: detect creatures
  5444 | D:1      | XOM: summons 2 hostile demons
  5646 | D:2      | XOM: silly message
  5996 | D:1      | XOM: god gift: glowing peridot ring {god gift}
  6457 | D:1      | XOM: noise
  7153 | D:1      | XOM: silly message
  7525 | D:1      | XOM is BORED!
  7525 | D:1      | XOM: torment (14/26 hp)
  7555 | D:1      | XOM: summons 2 hostile demons
  7672 | D:2      | XOM: summons 2 hostile demons
  8069 | D:1      | XOM: summons 1 hostile demon
  8306 | D:2      | XOM: 2-stop teleportation journey
  8364 | D:2      | Reached skill level 2 in Stealth
  8364 | D:2      | Reached XP level 4. HP: 31/31 MP: 4/4
  8394 | D:2      | XOM: torment (17/31 hp)
  8420 | D:2      | XOM: give mutations
  8420 | D:2      | Gained mutation: You expend magic power (3 MP) to
                  | strengthen your wands. [Xom's mischief]
  8420 | D:2      | Lost mutation: You expend magic power (3 MP) to strengthen
                  | your wands. [Xom's mischief]
  8420 | D:2      | Gained mutation: You are vulnerable to cold. (rC-) [Xom's
                  | mischief]
  8420 | D:2      | Gained mutation: Your spells are a little easier to cast,
                  | but a little less powerful. [Xom's mischief]
  8937 | D:1      | XOM: summons 3 hostile demons
  9539 | D:1      | XOM: give mutations
  9539 | D:1      | Gained mutation: Potions are less effective at restoring
                  | your health. [Xom's mischief]
  9539 | D:1      | Gained mutation: You are clumsy. (Dex -2) [Xom's mischief]
 10004 | D:1      | XOM: give mutation
 10004 | D:1      | Lost mutation: You occasionally lose the ability to drink
                  | potions when taking damage. [Xom's mischief]
 10312 | D:2      | XOM is BORED!
 10330 | D:2      | XOM: 6-stop teleportation journey
 10510 | D:2      | You fall into a shaft and drop 1 floor!
 10522 | D:3      | XOM: noise
 10525 | D:3      | Reached skill level 3 in Stealth
 10535 | D:3      | Reached XP level 5. HP: 22/36 MP: 5/5
 10539 | D:3      | Reached skill level 4 in Stealth
 10542 | D:3      | XOM: noise
 10542 | D:3      | HP: 1/36 [orc/+0 mace (2)]
 10548 | D:3      | HP: 1/36 [hobgoblin (2)]
 10779 | D:3      | XOM: smoke on damage
 10791 | D:3      | Found a glowing drain.
 10799 | Sewer    | Entered a sewer
 10822 | Sewer    | Noticed a kobold brigand
 10822 | Sewer    | XOM: summons 3 hostile shadow creatures
 10826 | Sewer    | XOM: noise
 10832 | Sewer    | XOM: cleaving
 10846 | Sewer    | Killed a kobold brigand
 10847 | Sewer    | Reached skill level 5 in Stealth
 10847 | Sewer    | Reached XP level 6. HP: 21/43 MP: 6/6
 11122 | Sewer    | XOM: swap monsters
 11135 | Sewer    | Reached skill level 6 in Stealth
 11210 | Sewer    | Reached skill level 5 in Short Blades
 11210 | Sewer    | Reached XP level 7. HP: 47/47 MP: 7/7
 11561 | D:3      | Found a hide-covered altar of Uskayaw.
 11603 | D:3      | Found a radiant altar of Vehumet.
 11848 | D:3      | XOM: scenery: summon butterflies
 11915 | D:3      | XOM: give mutations
 11915 | D:3      | Gained mutation: One of your tentacles bears a spike.
                  | [Xom's mischief]
 11915 | D:3      | Lost mutation: You are clumsy. (Dex -2) [Xom's mischief]
 11915 | D:3      | Gained mutation: You are robust. (+10% HP) [Xom's mischief]
 11915 | D:3      | Lost mutation: You are partially covered in iridescent
                  | scales. (AC +2) [Xom's mischief]
 12484 | D:4      | Found a shimmering altar of Xom.
 12496 | D:4      | Noticed Edmund
 12539 | D:4      | Killed Edmund
 12540 | D:4      | Reached skill level 7 in Stealth
 12558 | D:4      | XOM: give mutations
 12558 | D:4      | Gained mutation: Potions cannot restore your health. [Xom's
                  | mischief]
 12558 | D:4      | Lost mutation: Your spells are a little easier to cast, but
                  | a little less powerful. [Xom's mischief]
 12782 | D:4      | XOM: 1-stop teleportation journey
 12834 | D:4      | XOM: cloud trail
 12949 | D:4      | Found a sacrificial altar of Ru.
 12978 | D:4      | Reached skill level 8 in Stealth
 12986 | D:4      | Noticed Robin
 13020 | D:4      | Killed Robin
 13293 | D:4      | Reached XP level 8. HP: 30/59 MP: 8/8
 13960 | D:5      | Entered Level 5 of the Dungeon
 14015 | D:5      | Killed from afar by an orc wizard

Illustrated notes

Levels and vault maps discovered:
D:1:      lightli_iron_boxes, layout_basic, basic_ecumenical_altar,
          minmay_indecisive_spiral
D:2:      layout_loops_ring
D:3:      layout_loops_ring, nicolae_uskayaw_dance_hall, old_standard_altar,
          cheibrodos_sewer_entry_sluice, roderic_nine_men_s_morris
D:4:      nicolae_BIG_FREAKIN_CUBE, layout_layer_cave,
          brannock_xom_greatest_gift, nicolae_ru_awakened_eye, uniq_robin,
          uniq_edmund
D:5:      layout_rooms, pdpol_temple_overflow_zin_treasury_gozag_greed,
          elyvilon_altar_1, uniq_pikel, uniq_prince_ribbit1, uniq_menkaure

Skill      XL: |  1  2  3  4  5  6  7 |
---------------+----------------------+-----
Stealth        | 2 3 5 6 8 |  8.5
Short Blades   | 4 5 |  5.8
Dodging        | 3 |  3.9
Fighting       | 4 |  4.2
Evocations     | |  0.9

Action                     |  1- 3 |  4- 6 |  7- 9 || total
---------------------------+-------+-------+-------++-------
  Melee: Short sword       |    45 |       |       ||    45
         Tentacles         |    13 |    15 |    33 ||    61
         Constrict         |    10 |    17 |    20 ||    47
         Dagger            |    12 |   102 |   146 ||   260
         Punch             |     1 |       |     2 ||     3
         Kick              |       |       |    33 ||    33
    Use: Potion            |       |     1 |       ||     1
         Scroll            |       |       |     4 ||     4
   Stab: Sleeping          |     9 |     9 |    22 ||    40
         Distracted        |     1 |       |       ||     1
 Armour: Skin              |    28 |    28 |    51 ||   107
  Dodge: Dodged            |    46 |    43 |    70 ||   159

Table legend: (Time is in decaauts)
 A = Elapsed time spent in this place.
 B = Non-inter-level travel time spent in this place.
 C = Inter-level travel time spent in this place.
 D = Time resting spent in this place.
 E = Time spent auto-exploring this place.
 F = Levels seen in this place.
 G = Mean time per level.
                   A        B        C        D        E       F      G
               +--------+--------+--------+--------+--------+-----+--------+
         Total |  13945 |  13799 |    146 |   9702 |   3215 |   6 | 2324.2 |
       Dungeon |  13255 |  13109 |    146 |   9657 |   2788 |   5 | 2651.0 |
         Sewer |    690 |    690 |      0 |     45 |    427 |   1 |  690.0 |
               +--------+--------+--------+--------+--------+-----+--------+

Top non-repeatable levels by time:
     D:1: 9120 daAuts
     D:2: 1746 daAuts
     D:4: 1456 daAuts
     D:3: 882 daAuts
   Sewer: 690 daAuts
     D:5: 50 daAuts
